 Dungeon Crawl Stone Soup version 0.21.1-1-g345015f (webtiles) character file.

86 Greyaxe the Shield-Bearer (level 4, -1/40 HPs)
             Began as a Minotaur Fighter on July 20, 2018.
             Killed by Freeze
             ... invoked by aaksess's ghost
              (14 damage)
             ... on level 3 of the Dungeon.
             The game lasted 00:08:55 (2119 turns).

Greyaxe the Shield-Bearer (Minotaur Fighter)        Turns: 2119, Time: 00:08:55

Health: -1/40      AC:  7    Str: 21    XL:     4   Next: 27%
Magic:  3/3        EV:  8    Int:  6    God:
Gold:   71         SH:  9    Dex:  9    Spells: 3/3 levels left

rFire    . . .     SeeInvis .   m - +0 war axe
rCold    . . .     Gourm    .   c - +0 shield
rNeg     . . .     Faith    .   j - +2 ring mail
rPois    .         Spirit   .   (helmet restricted)
rElec    .         Reflect  .   (no cloak)
rCorr    .         Harm     .   (no gloves)
MR       .....                  (no boots)
Stlth    +.........             (no amulet)
HPRegen  0.13/turn              (no ring)
MPRegen  0.08/turn              (no ring)

@: no status effects
A: retaliatory headbutt, horns 2
a: no special abilities


You were on level 3 of the Dungeon.
You were hungry.

You visited 1 branch of the dungeon, and saw 3 of its levels.

You collected 71 gold pieces.

Inventory:

Hand Weapons
 a - a +0 long sword
 m - a +0 war axe (weapon)
Armour
 c - a +0 shield (worn)
 j - a +2 ring mail (worn)
Jewellery
 e - a +3 ring of evasion {unknown}
Wands
 n - a wand of disintegration (13)
Scrolls
 g - 4 scrolls of teleportation {unknown}
 h - a scroll of remove curse {unknown}
 k - a scroll of fear {unknown}
 o - a scroll of identify {unknown}
Potions
 b - a potion of heal wounds {unknown}
 d - a potion of might
 i - a potion of agility {unknown}
 l - 2 potions of curing {unknown}
Comestibles
 f - 5 rations


   Skills:
 + Level 4.2 Fighting
 + Level 3.1 Long Blades
 + Level 0.4 Axes
 + Level 4.3 Armour
 + Level 0.8 Dodging
 + Level 0.7 Stealth
 + Level 4.3 Shields


You had 3 spell levels left.
You didn't know any spells.

Dungeon Overview and Level Annotations

Branches:
Dungeon (3/15)

Altars:
Qazlal

Annotations:
D:3 aaksess's ghost, amateur BaIE


Innate Abilities, Weirdness & Mutations

You reflexively headbutt those who attack you in melee.
You have a pair of horns on your head.


Message History

You are frozen.
Aaksess's ghost casts a spell at you.
You are frozen.
You barely miss aaksess's ghost. Your headbutt misses aaksess's ghost.
Aaksess's ghost is severely damaged.
You closely miss the orc. You block the orc's attack.
Aaksess's ghost barely misses you. The orc hits you but does no damage.
You barely miss aaksess's ghost.
Aaksess's ghost is severely damaged.
You hit the orc.
You kill the orc!
Aaksess's ghost barely misses you. You furiously retaliate!
You headbutt aaksess's ghost. Aaksess's ghost casts a spell at you.
You are frozen.
You hit aaksess's ghost.
Aaksess's ghost is almost destroyed.
Aaksess's ghost points at you and mumbles some strange words.
You are frozen.
You die...

...... .....#
...... .... ...
# ###.### ###.
.. ##.....## ...
...#...@W..#..#
#..#....)..#..##
#....._..[....#
#.#......[#.#..#
# #.......# .#.
# ##.....## ...
#.####.####..###
# #...........#
.. #.#......####
..


You could see aaksess's ghost.

Vanquished Creatures
  3 adders (D:2)
  3 worms (D:2)
  A dart slug (D:1)
  A leopard gecko (D:1)
  5 orcs (D:3)
  A giant cockroach (D:2)
  8 goblins
  7 hobgoblins
  2 ball pythons
  2 bats (D:1)
  2 frilled lizards (D:2)
  2 kobolds (D:1)
  6 rats
43 creatures vanquished.

Notes
Turn   | Place    | Note
-------+----------+-------------------------------------------
     0 | D:1      | Greyaxe the Minotaur Fighter began the quest for the Orb.
     0 | D:1      | Reached XP level 1. HP: 19/19 MP: 0/0
   238 | D:1      | Reached XP level 2. HP: 27/27 MP: 1/1
  1094 | D:2      | Reached XP level 3. HP: 31/33 MP: 2/2
  1694 | D:2      | Reached XP level 4. HP: 39/40 MP: 3/3
  2088 | D:3      | Found a stormy altar of Qazlal.
  2111 | D:3      | Noticed aaksess's ghost (amateur BaIE)
  2119 | D:3      | Killed from afar by aaksess's ghost

Skill      XL: |  1  2  3 |
---------------+----------+-----
Fighting       | 4 |  4.2
Armour         | 4 |  4.3
Shields        | 4 |  4.3
Long Blades    | 3 |  3.1
Axes           | |  0.4
Dodging        | |  0.8
Stealth        | |  0.7

Action                   |  1- 3 |  4- 6 || total
-------------------------+-------+-------++-------
Melee: Long sword        |    71 |       ||    71
       Headbutt          |    17 |     2 ||    19
       War axe           |    17 |    12 ||    29
Evoke: Wand              |     2 |     1 ||     3
  Use: Scroll            |     3 |       ||     3
       Potion            |     2 |       ||     2
  Eat: Ration            |     1 |       ||     1
Armor: Scale mail        |    10 |       ||    10
       Ring mail         |    26 |     2 ||    28
Dodge: Dodged            |    34 |     6 ||    40
Block: Shield            |    54 |     8 ||    62
       Rpst.: Long sword |     3 |       ||     3
